 Dungeon Crawl Stone Soup version 0.30-b1-2-g02819fbbbe (webtiles) character file.

Game seed: 12161260949075558404

25 sking99 the Stinger (level 2, -4/16 HPs)
             Began as a Deep Elf Venom Mage on Nov 17, 2023.
             Killed from afar by Sigmund (13 damage)
             ... with a bolt of dispelling energy
             ... on level 2 of the Dungeon.
             The game lasted 00:04:15 (1071 turns).

sking99 the Stinger (Deep Elf Venom Mage)           Turns: 1071, Time: 00:04:15

Health: -4/16      AC:  3    Str:  5    XL:     2   Next: 86%
Magic:  2/8        EV: 13    Int: 19    God:
Gold:   61         SH:  0    Dex: 15    Spells: 4/7 levels left

rFire   . . .        g - +0 whip
rCold   . . .        (no shield)
rNeg    . . .        a - +0 robe
rPois   .            (no helmet)
rElec   .            d - +0 cloak
rCorr   .            (no gloves)
SInv    .            (no boots)
Will    .....        f - amulet of the acrobat
Stlth   +            (no ring)
HPRegen 0.22/turn    (no ring)
MPRegen 0.11/turn

%: acrobat
@: confused
A: no striking features
a: no special abilities


You were on level 2 of the Dungeon.
You visited 1 branch of the dungeon, and saw 2 of its levels.

You collected 61 gold pieces.

Inventory:

Hand Weapons
 g - a +0 whip (weapon)
Missiles
 j - a throwing net
Armour
 a - a +0 robe (worn)
 d - a +0 cloak (worn)
Jewellery
 f - an amulet of the acrobat (around neck)
Scrolls
 c - a scroll of acquirement {unknown}
 k - a scroll of fog {unknown}
 l - a scroll of brand weapon {unknown}
Potions
 b - 2 potions of magic
 e - a potion of might {unknown}
 h - a potion of haste {unknown}
 i - a potion of berserk rage {unknown}


   Skills:
 + Level 0.5 Fighting
 + Level 2.7 Dodging
 + Level 2.9 Stealth
 - Level 3.2 Spellcasting
 - Level 1.1 Transmutations
 + Level 0.0 Air Magic
 * Level 3.7 Poison Magic


You had 4 spell levels left.
You knew the following spells:

 Your Spells              Type           Power      Damage    Failure   Level
a - Sting                 Tmut/Pois      48%        1d5       5%          1
b - Poisonous Vapours     Pois/Air       20%        N/A       11%         2

Your spell library contained the following spells:

 Spells                   Type           Power      Damage    Failure   Level
 Mephitic Cloud           Conj/Pois/Air  7%         N/A       26%         3
 Olgreb's Toxic Radiance  Pois           17%        N/A       30%         4


Dungeon Overview and Level Annotations

Branches:
Dungeon (2/15)

Altars:

Annotations:
D:2 Sigmund


Message History

Casting: Poisonous Vapours (safe; 11% risk of failure)
Confirm with . or Enter, or press ? or * to list all spells.
Aiming: Poisonous Vapours (safe; 11% risk of failure)
Press: ? - help, Dir - move target, f - Sigmund
Aim: Sigmund, wielding a +0 scythe, wearing a +0 robe and carrying a wand of quicksilver (9) (asleep) Poisonous vapours surround Sigmund!
Sigmund is poisoned.
Sigmund shouts!
Sigmund gestures at you while chanting. The magic dart hits you.
Casting: Poisonous Vapours (safe; 11% risk of failure)
Confirm with . or Enter, or press ? or * to list all spells.
Aiming: Poisonous Vapours (safe; 11% risk of failure)
Press: ? - help, Dir - move target, f/p - Sigmund
Aim: Sigmund, wielding a +0 scythe, wearing a +0 robe and carrying a wand of quicksilver (9) (lightly wounded, poisoned) Poisonous vapours surround Sigmund!
Sigmund looks even sicker.
Sigmund gestures at you while chanting. You resist with significant effort.
Casting: Poisonous Vapours (safe; 11% risk of failure)
Confirm with . or Enter, or press ? or * to list all spells.
Aiming: Poisonous Vapours (safe; 11% risk of failure)
Press: ? - help, Dir - move target, f/p - Sigmund
Aim: Sigmund, wielding a +0 scythe, wearing a +0 robe and carrying a wand of quicksilver (9) (lightly wounded, very poisoned) Poisonous vapours surround Sigmund!
Sigmund looks even sicker.
Sigmund zaps a wand.
The bolt of dispelling energy misses you.
Sigmund points at you and mumbles some strange words.
The magic dart hits you.
Casting: Poisonous Vapours (safe; 11% risk of failure)
Confirm with . or Enter, or press ? or * to list all spells.
Aiming: Poisonous Vapours (safe; 11% risk of failure)
Press: ? - help, Dir - move target, f/p - Sigmund
Aim: Sigmund, wielding a +0 scythe, wearing a +0 robe and carrying a wand of quicksilver (8) (heavily wounded, very poisoned) Poisonous vapours surround Sigmund!
Sigmund looks even sicker.
Sigmund casts a spell at you.
You are confused.
You're too confused to move!
Sigmund zaps a wand.
The bolt of dispelling energy hits you!
Your magical effects are unravelling.
Ouch! That really hurt!
You die...

.>..........# #.
#..........# #.###
#..........# ...##
#..........#####...#
#.........@.........
#.^........#####.#..
##.†........# #....
#.....##'#### ####.
####...@.##.#
#..'.....+..#
#.##.....####
#.##.....#
#.##.....#
#.##.....#
#.##.....#
#.##.....##.
#.#.........


You could see Sigmund (very poisoned).

Vanquished Creatures
  4 bats (D:1)
  2 giant cockroaches (D:1)
  3 goblins (D:1)
  A hobgoblin (D:2)
  3 jackals (D:1)
  2 kobolds (D:1)
  2 quokkas (D:1)
  3 ball pythons (D:1)
  2 frilled lizards
  A rat (D:1)
23 creatures vanquished.

Notes
Turn   | Place    | Note
-------+----------+-------------------------------------------
     0 | D:1      | sking99 the Deep Elf Venom Mage began the quest for the
                  | Orb.
     0 | D:1      | Reached XP level 1. HP: 10/10 MP: 6/6
   222 | D:1      | Reached XP level 2. HP: 15/15 MP: 5/8
   730 | D:1      | Learned a level 2 spell: Poisonous Vapours
  1053 | D:2      | Noticed Sigmund
  1071 | D:2      | Killed from afar by Sigmund

Illustrated notes

Levels and vault maps discovered:
D:1:      saegor_arrival_simple_a, layout_loops_cross
D:2:      kennysheep_big_flooded_room, layout_basic, basic_altar, uniq_sigmund,
          uniq_jessica

Action                     || total
---------------------------++-------
  Melee: Whip              ||     4
   Cast: Sting             ||    42
         Poisonous Vapours ||     7
 Armour: Robe              ||     8
  Dodge: Dodged            ||    16
